 Dungeon Crawl Stone Soup version 0.29.1-debian-1-gc3f1650bb9 (webtiles) character file.

Game seed: 18278442486089814161

1297 Newt the Trooper (level 8, -2/62 (64) HPs)
             Began as a Demonspawn Gladiator on Sept 12, 2022.
             Slain by a wight
             ... wielding a +0 hand axe
              (4 damage)
             ... on level 7 of the Dungeon.
             The game lasted 00:07:06 (5610 turns).

Newt the Trooper (Demonspawn Gladiator)             Turns: 5610, Time: 00:07:06

HP:   -2/62 (64)    AC:  7    Str: 16 (17) XL:     8   Next: 31%
MP:   8/8           EV: 14    Int: 10      God:
Gold: 205           SH:  0    Dex: 19      Spells: 7/7 levels left

rFire   . . .      SeeInvis .   a - +1 rapier
rCold   . . .      Faith    .   (no shield)
rNeg    . . .      Spirit   .   h - +3 leather armour "Giweak" {*Slow Will+ Dex+5}
rPois   .          Reflect  .   c - +0 helmet
rElec   .          Harm     .   (no cloak)
rCorr   .          Rampage  .   (no gloves)
Will    +....                   (no boots)
Stlth   +++.......              (no amulet)
HPRegen 0.20/turn               (no ring)
MPRegen 0.11/turn               (no ring)

@: about to teleport, lightly drained
A: hooves 1, powered by death 1, spiny 3
a: no special abilities


You were on level 7 of the Dungeon.
You visited 1 branch of the dungeon, and saw 6 of its levels.

You collected 205 gold pieces.

Inventory:

Hand Weapons
 a - a +1 rapier (weapon)
Missiles
 d - 2 throwing nets (quivered)
 e - 6 javelins
Armour
 b - a +0 leather armour
 c - a +0 helmet (worn)
 h - the +3 leather armour "Giweak" (worn) {*Slow Will+ Dex+5}
   (You found it on level 3 of the Dungeon)

   Dex:       It affects your dexterity (+5).
   *Slow:     It may slow you when you take damage.
   Will:      It increases your willpower.
Jewellery
 k - an amulet of magic regeneration
 s - a +6 ring of dexterity
 u - a +4 ring of protection
Scrolls
 g - a scroll of immolation
 j - a scroll of magic mapping
 p - a scroll of enchant weapon
 r - a scroll of fear
Potions
 f - a potion of degeneration
 i - a potion of lignification
 l - a potion of mutation
 m - a potion of might
 n - 2 potions of invisibility
 o - a potion of haste {unknown}
 q - 2 potions of flight


   Skills:
 - Level 6.0 Fighting
 - Level 6.0 Short Blades
 - Level 1.7 Throwing
 - Level 4.0 Dodging
 + Level 4.8 Stealth


You had 7 spell levels left.
You didn't know any spells.
Your spell library contained the following spells:

 Spells                   Type           Power      Damage    Failure   Level
 Apportation              Tloc           0%         N/A       43%         1
 Alistair's Intoxication  Tmut/Pois      0%         N/A       100%        5


Dungeon Overview and Level Annotations

Branches:
Dungeon (5/15)
 Temple: D:4-7

Altars:
Gozag
Kikubaaqudgha
Sif Muna
Uskayaw
Vehumet

Shops:
D:4 [


Innate Abilities, Weirdness & Mutations

You have large cloven feet.
You regenerate a little health from kills.
You are completely covered in sharp spines.


Message History

The wight is moderately damaged.
The wight is struck by your spines. The wight barely misses you.
The wight hits you with a +0 hand axe. The wight closely misses you.
Unknown command.
You barely miss the wight.
The wight is moderately damaged.
The wight hits you with a +2 scimitar of freezing.
The wight freezes you. The wight barely misses you.
A wight comes into view. It is wielding a +0 scimitar.
The wight hits you with a +2 scimitar of freezing!
The wight freezes you. The wight hits you with a +0 hand axe.
The wight hits you with a +0 trident.
* * * LOW HITPOINT WARNING * * *
You barely miss the wight. You kick the wight, but do no damage.
The wight is almost destroyed.
The wight is struck by your spines. The wight barely misses you.
The wight is struck by your spines. The wight hits you with a +0 hand axe.
* * * LOW HITPOINT WARNING * * *
You feel drained.
* * * LOW HITPOINT WARNING * * *
The wight is struck by your spines.
You destroy the wight!
You feel your strength returning. The wight is struck by your spines.
The wight closely misses you.
Things that are here:
a +0 trident; a +0 robe Unknown command.
You hit the wight. Your kick misses the wight.
The wight is almost destroyed.
The wight hits you with a +2 scimitar of freezing!
* * * LOW HITPOINT WARNING * * *
The wight freezes you.
* * * LOW HITPOINT WARNING * * *
The wight hits you but does no damage.
Okay, then.
You can't see any enemies this would affect, really read the scroll of fear?
Okay, then.
As you read the scroll of teleportation, it crumbles to dust.
You feel strangely unstable. The wight hits you with a +0 hand axe.
You die...

.. ##.... ...........≈.
.. #..... #....[..≈≈≈≈..
.. #..... #.............
..
......##..............##
.......#..../......##.##
+....#...$..........#≈
#.................#≈
#.@z.............#≈
#...z..............~
#....###.............~
#.... #.)............~
..................#..#≈
.z.................##.#≈
...................#..#
.##..#................##
..[.....#.........


You could see 3 wights.

Vanquished Creatures
  Maggie (D:7)
  A wyvern (D:7)
  An ogre (D:5)
  A black bear (D:5)
  A centaur (D:7)
  A scorpion (D:5)
  A wight (D:7)
  A howler monkey (D:4)
  2 hounds (D:5)
  A jelly (D:4)
  3 iguanas
  2 orc wizards
  7 gnolls
  9 adders
  A white imp (D:7)
  An ufetubus (D:5)
  A worm (D:2)
  4 dart slugs
  9 orcs
  7 endoplasms
  2 giant cockroaches
  11 goblins
  7 hobgoblins
  6 jackals
  12 kobolds
  A quokka (D:1)
  6 ball pythons
  11 bats
  12 rats
123 creatures vanquished.

Vanquished Creatures (others)
  An orc (D:7)
  21 plants
22 creatures vanquished.

Grand Total: 145 creatures vanquished

Notes
Turn   | Place    | Note
-------+----------+-------------------------------------------
     0 | D:1      | Newt the Demonspawn Gladiator began the quest for the Orb.
     0 | D:1      | Reached XP level 1. HP: 16/16 MP: 1/1
   133 | D:1      | Reached skill level 1 in Stealth
   240 | D:1      | Gained mutation: You are partially covered in sharp spines.
                  | [demonic ancestry]
   240 | D:1      | Reached XP level 2. HP: 19/22 MP: 2/2
  1014 | D:1      | Reached XP level 3. HP: 27/27 MP: 3/3
  1558 | D:2      | Found a faded altar of an unknown god.
  1584 | D:2      | Gained mutation: You regenerate a little health from kills.
                  | [demonic ancestry]
  1584 | D:2      | Reached XP level 4. HP: 33/33 MP: 4/4
  2561 | D:3      | Reached XP level 5. HP: 38/38 MP: 5/5
  2567 | D:3      | Identified the +3 leather armour "Giweak" {*Slow Will+
                  | Dex+5}
  2701 | D:3      | Found a hide-covered altar of Uskayaw.
  2919 | D:4      | Found Osted's Antique Armour Emporium.
  3460 | D:4      | Found an opulent altar of Gozag.
  3603 | D:4      | Found an ancient bone altar of Kikubaaqudgha.
  3842 | D:4      | Gained mutation: You have large cloven feet. [demonic
                  | ancestry]
  3842 | D:4      | Reached XP level 6. HP: 44/47 MP: 6/6
  3942 | D:5      | Entered Level 5 of the Dungeon
  4284 | D:5      | Found a radiant altar of Vehumet.
  4608 | D:5      | Gained mutation: You are mostly covered in sharp spines.
                  | [demonic ancestry]
  4608 | D:5      | Reached XP level 7. HP: 51/55 MP: 7/7
  4668 | D:5      | Reached skill level 5 in Fighting
  4927 | D:5      | You fall into a shaft and drop 2 floors!
  5059 | D:7      | Found a shimmering blue altar of Sif Muna.
  5067 | D:7      | Noticed Maggie
  5176 | D:7      | Killed Maggie
  5177 | D:7      | Reached skill level 5 in Short Blades
  5177 | D:7      | Gained mutation: You are completely covered in sharp
                  | spines. [demonic ancestry]
  5177 | D:7      | Reached XP level 8. HP: 22/64 MP: 8/8
  5609 | D:7      | HP: 3/62 [wight/+2 scimitar of freezing (8)]
  5610 | D:7      | Slain by a wight

Illustrated notes

Levels and vault maps discovered:
D:1:      ncdulo_halloftheorcs, layout_basic, chequers_serial_rivers_micro_a,
          kennysheep_another_room, chequers_avenue
D:2:      layout_loops_corners, hellmonk_ecumenical_altar_prayer_group,
          serial_bayou, serial_bayou_lagoon_a, serial_bayou_pond_b,
          serial_bayou_pond_b, serial_bayou_crossing, serial_bayou_lake_a,
          roderic_lattice_a, hangedman_feature_mirror
D:3:      cheibrodos_old_hovel, layout_rooms, lemuel_round_altar
D:4:      layout_basic, grunt_gozag_breadcrumbs, lemuel_doored_altar,
          serial_shops, shop_statue, st_stairs_14, solitary_fountain,
          hangedman_decor_clover_reticule
D:5:      layout_cave_pods, mainiacjoe_overflow_alcove_1, serial_column_ruins,
          column_ruins_circle_small, column_ruins_hut, column_ruins_grid_2,
          column_ruins_open_tiny, column_ruins_open_tiny_water,
          column_ruins_columns_corner, column_ruins_open_medium,
          column_ruins_columns_T, column_ruins_columns_T
D:7:      layout_cave_pools, led_sif_book, serial_rivers,
          chequers_serial_rivers_large_b, chequers_serial_rivers_micro_d,
          chequers_serial_rivers_micro_c, chequers_serial_rivers_micro_a,
          chequers_serial_rivers_micro_a, chequers_serial_rivers_room_a,
          nicolae_benzene_ring, uniq_crazy_yiuf_cottage, uniq_maggie

Skill      XL: |  1  2  3  4  5  6  7  8 |
---------------+-------------------------+-----
Stealth        | 1 2 3 4 |  4.8
Short Blades   | 3 4 5 6 |  6.0
Fighting       | 3 4 6 |  6.0
Dodging        | 4 |  4.0
Throwing       | |  1.7

Action                   |  1- 3 |  4- 6 |  7- 9 || total
-------------------------+-------+-------+-------++-------
Melee: Rapier            |    74 |   155 |    70 ||   299
       Punch             |       |     2 |     2 ||     4
       Kick              |       |     8 |    28 ||    36
Throw: Throwing net      |       |     3 |     3 ||     6
       Javelin           |       |       |     1 ||     1
  Use: Scroll            |       |     7 |     4 ||    11
       Potion            |       |       |     3 ||     3
 Stab: Sleeping          |     3 |     6 |     3 ||    12
       Held in net/web   |       |     2 |     1 ||     3
       Distracted        |       |     1 |       ||     1
Armor: Leather armour    |    18 |    36 |    14 ||    68
Dodge: Dodged            |    40 |    73 |    45 ||   158
